 Dungeon Crawl Stone Soup version 0.21-a0-51-gea492e9 (webtiles) character file.

37052 glosham the Thaumaturge (level 13, -4/101 HPs)
             Began as a Gnoll Air Elementalist on June 12, 2017.
             Was the Champion of Cheibriados.
             Slain by a white ugly thing (34 damage)
             ... on level 11 of the Dungeon on June 13, 2017.
             The game lasted 05:27:19 (15888 turns).

glosham the Thaumaturge (Gnoll Air Elementalist)   Turns: 15888, Time: 05:27:20

Health: -4/101     AC: 13    Str: 17    XL:     13   Next: 94%
Magic:  4/26       EV: 21    Int: 35    God:    Cheibriados [******]
Gold:   456        SH:  0    Dex: 30    Spells: 2/30 levels left

rFire    . . .     SeeInvis .   b - +7 lajatang of Order {silver, rMut}
rCold    . . .     Gourm    .   (shield currently unavailable)
rNeg     . . .     Faith    .   X - +3 leather armour of Salvation {rElec Regen+ Str-5 Stlth+}
rPois    +         Spirit   .   U - +2 helmet
rElec    +         Reflect  .   Y - scarf {repulsion}
rCorr    .         Harm     .   V - +2 pair of gloves
rMut     +                      (no boots)
MR       .....                  (no amulet)
Stlth    ++++++....             A - ring of wizardry
Regen    0.7/turn               B - ring of poison resistance
MPRegen  0.2/turn

@: repel missiles, very slow
A: short attention span, fangs 1, strong nose
a: Bend Time, Temporal Distortion, Slouch, Step From Time, Renounce Religion


You were on level 11 of the Dungeon.
You worshipped Cheibriados.
Cheibriados was exalted by your worship.
You were not hungry.

You visited 3 branches of the dungeon, and saw 17 of its levels.

You collected 969 gold pieces.
You spent 513 gold pieces at shops.

Inventory:

Hand Weapons
 b - the +7 lajatang of Order (weapon) {silver, rMut}
   (You found it on level 2 of the Lair of Beasts)

   It protects you from mutation.
 c - a +3 lajatang
Armour
 U - a +2 helmet (worn)
 V - a +2 pair of gloves (worn)
 W - the +1 leather armour "Rouwkump" {+Fly rPois}
   (You found it on level 6 of the Dungeon)

   It protects you from poison.
   It lets you fly.
 X - the +3 leather armour of Salvation (worn) {rElec Regen+ Str-5 Stlth+}
   (You found it on level 9 of the Dungeon)

   It affects your strength (-5).
   It insulates you from electricity.
   It increases your rate of regeneration.
   It makes you more stealthy.
 Y - a scarf of repulsion (worn)
 Z - a +0 cloak
Magical Staves
 a - an uncursed staff of energy {!a}
 w - an uncursed staff of wizardry {!a}
Jewellery
 A - a ring of wizardry (left hand)
 B - a ring of poison resistance (right hand)
 D - an uncursed ring of protection from fire
 E - an uncursed ring of fire
 J - an uncursed ring of wizardry
Wands
 g - a wand of digging (8/24)
 h - a wand of paralysis (12/24)
 i - a wand of confusion (18/48)
 j - a wand of enslavement (11/24)
 C - a wand of scattershot (6/9)
 F - a wand of lightning (7/15)
Scrolls
 k - 3 scrolls of teleportation
 l - 2 scrolls of blinking
 m - 3 scrolls of fog
 n - a scroll of magic mapping
 o - 2 scrolls of remove curse
 p - 4 scrolls of identify
 q - 2 scrolls of recharging
Potions
 e - a potion of ambrosia
 r - 7 potions of heal wounds
 s - 6 potions of curing
 t - a potion of resistance
 u - 2 potions of brilliance
 v - 3 potions of flight
 x - 5 potions of agility
 y - a potion of might
 z - a potion of invisibility
Books
 G - a book of Flames

   Spells                             Type                      Level
   a - Flame Tongue                   Conjuration/Fire             1
   b - Throw Flame                    Conjuration/Fire             2
   c - Conjure Flame                  Conjuration/Fire             3
   d - Inner Flame                    Hexes/Fire                   3
   e - Sticky Flame                   Conjuration/Fire             4
   f - Fireball                       Conjuration/Fire             5
Miscellaneous
 d - a sack of spiders
Comestibles
 f - 11 bread rations
 H - 7 chunks of flesh
 I - a fruit


   Skills:
 - Level 9.0 Fighting
 - Level 8.0 Staves
 - Level 6.0 Armour
 - Level 9.0 Dodging
 - Level 8.0 Stealth
 * Level 9.3 Spellcasting
 - Level 9.0 Conjurations
 - Level 7.2 Charms
 - Level 7.0 Necromancy
 - Level 9.0 Ice Magic
 * Level 9.3 Air Magic
 - Level 2.2 Poison Magic
 - Level 9.0 Invocations
 - Level 9.0 Evocations


You had 2 spell levels left.
You knew the following spells:

 Your Spells              Type           Power        Failure   Level  Hunger
c - Freezing Cloud        Conj/Ice/Air   ######....   4%          6    #####..
e - Airstrike             Air            ######....   1%          4    None
m - Mephitic Cloud        Conj/Pois/Air  ######..     1%          3    None
o - Ozocubu's Armour      Chrm/Ice       ######..     1%          3    None
r - Regeneration          Chrm/Necr      ######....   1%          3    None
s - Static Discharge      Conj/Air       ######..     1%          3    None
x - Lightning Bolt        Conj/Air       ######....   1%          5    ###....
z - Shock                 Conj/Air       ####         1%          1    None


Dungeon Overview and Level Annotations

Branches:
Dungeon (11/15)            Temple (1/1) D:7            Lair (5/6) D:10
 Shoals (0/4) Lair:4       Spider (0/4) Lair:4          Orc (0/2) D:11
  Slime: Lair:5-6

Altars:
Ashenzari
Cheibriados
Dithmenos
Elyvilon
Fedhas
Gozag
Hepliaklqana
Kikubaaqudgha
Makhleb
Nemelex Xobeh
Okawaru
Qazlal
Ru
Sif Muna
Trog
Uskayaw
Vehumet
Wu Jian
Xom
Yredelemnul
Zin
The Shining One

Shops:
D:9 *

Annotations:
D:2 rock dancing weapons
D:6 PeterLawrence's ghost, novice TrFi


Innate Abilities, Weirdness & Mutations

You have a short attention span.
You have very sharp teeth.
Your uncanny sense of smell can sniff out nearby items.


Message History

The white ugly thing is engulfed in freezing vapours.
Nothing appears to happen.
The white ugly thing is engulfed in freezing vapours.
Casting: Freezing Cloud
Confirm with . or Enter, or press ? or * to list all spells.
Aiming: Freezing Cloud
Press: ? - help, Dir - move target cursor The white ugly thing gurgles horribly!
The orc warrior is engulfed in freezing vapours.
The orc is engulfed in freezing vapours.
You kill the orc!
Cheibriados appreciates the change of pace.
You channel some magical energy.
You feel slightly more hungry.
The orc warrior is engulfed in freezing vapours.
The white ugly thing is engulfed in freezing vapours.
Nothing appears to happen.
The white ugly thing is engulfed in freezing vapours.
The orc warrior is engulfed in freezing vapours.
Nothing appears to happen.
The orc warrior is engulfed in freezing vapours.
You kill the orc warrior!
Cheibriados appreciates the change of pace.
b - the +7 lajatang of Order (weapon)
{silver, rMut}
Casting: Freezing Cloud
Confirm with . or Enter, or press ? or * to list all spells.
You don't have enough magic to cast that spell.
The white ugly thing is engulfed in freezing vapours.
You barely miss the white ugly thing.
The white ugly thing is heavily wounded.
The white ugly thing is engulfed in freezing vapours.
The white ugly thing punches you! The white ugly thing freezes you!!
You slash the white ugly thing!
The silver sears the white ugly thing!
The white ugly thing is almost dead.
The white ugly thing is engulfed in freezing vapours.
The white ugly thing punches you! The white ugly thing freezes you!
You closely miss the white ugly thing.
The white ugly thing is almost dead.
The white ugly thing is engulfed in freezing vapours.
The white ugly thing punches you. The white ugly thing freezes you!!
You die... #.###### .... #$..... #.### #... #.##### #...# ##... oo..

.. ###.## #..8 >... 8
#..# #.. ...oo..... ##.#
#.# ..∆§§.§. ####.###
#.# ..§8§§.
#......######.####§§§§§#
.....<.#.......'@u§§§§§#
#........#######.§§§...#
#......### #§..§...#
#####.## #§§§....#
##...# ####'#### #..###
##<# #.## #..# ##'######
#.## ........###
####.#####


You could see a white ugly thing.

Vanquished Creatures
  Gastronok (D:8)
  The ghost of minicreteconcrete the Martial Artist, a journeyman GnTm of Ashenzari (D:11)
  A hydra (Lair:2)
  A two-headed ogre (D:8)
  A catoblepas (Lair:4)
  3 death yaks (Lair:5)
  2 unseen horrors (D:11)
  2 oklob plants (Lair:5)
  2 elephants
  4 black mambas
  11 spiny frogs
  A rime drake (Lair:1)
  2 merfolk (Lair:4)
  2 polar bears
  Grinder (D:3)
  3 blink frogs (Lair:1)
  6 hippogriffs
  10 dream sheep (Lair:5)
  13 spriggans
  A tarantella (Lair:4)
  30 yaks
  A wyvern (Lair:3)
  9 basilisks
  10 water moccasins
  A soldier ant (D:11)
  15 porcupines
  4 black bears
  2 orc warriors
  3 ice beasts
  3 sky beasts
  2 eyes of draining (D:3)
  2 ogres
  A necrophage (D:9)
  10 wolves
  6 crocodiles
  2 big kobolds
  15 bullfrogs
  3 scorpions
  52 killer bees
  6 wights (D:10)
  3 electric eels
  4 vampire bats
  3 howler monkeys (D:10)
  4 crimson imps
  A bullfrog zombie (D:10)
  A quasit (D:10)
  Crazy Yiuf (D:3)
  A gnoll shaman (D:6)
  5 hounds
  3 jellies
  7 orc priests
  2 centaur skeletons
  Jessica (D:2)
  3 iguanas
  Natasha (twice) (D:2)
  7 orc wizards
  6 worker ants
  A hound zombie (D:5)
  2 worker ant zombies
  15 adders
  16 gnolls
  3 river rats (D:7)
  4 shadow imps
  An adder zombie (D:5)
  2 oozes (D:1)
  An adder skeleton (D:7)
  5 worms
  4 dart slugs
  3 leopard geckos
  45 orcs
  13 bats
  2 bat skeletons (D:4)
  3 bat zombies (D:4)
  7 giant cockroaches
  9 goblins
  5 hobgoblins
  3 jackals (D:8)
  18 kobolds
  5 quokkas
  A ball python (D:3)
  5 frilled lizards
  2 quokka skeletons
  6 rats
  2 butterflies (D:7)
  3 fungi
  17 plants
502 creatures vanquished.

Vanquished Creatures (others)
  6 fungi
  4 plants
10 creatures vanquished.

Grand Total: 512 creatures vanquished

Notes
Turn   | Place    | Note
-------+----------+-------------------------------------------
     0 | D:1      | glosham the Gnoll Air Elementalist began the quest for the Orb.
     0 | D:1      | Reached XP level 1. HP: 13/13 MP: 5/5
     5 | D:1      | Reached skill level 2 in Conjurations
   100 | D:1      | Reached skill level 3 in Conjurations
   100 | D:1      | Reached XP level 2. HP: 19/19 MP: 2/6
   231 | D:1      | Reached skill level 4 in Conjurations
   448 | D:2      | Reached XP level 3. HP: 24/24 MP: 6/8
   451 | D:2      | Reached skill level 5 in Air Magic
   484 | D:2      | Noticed Natasha
   493 | D:2      | Killed Natasha
   493 | D:2      | Reached skill level 4 in Spellcasting
   707 | D:3      | Reached XP level 4. HP: 30/30 MP: 5/10
   721 | D:3      | Reached skill level 5 in Conjurations
   967 | D:1      | Learned a level 2 spell: Swiftness
   971 | D:1      | Learned a level 3 spell: Static Discharge
   976 | D:1      | Learned a level 4 spell: Airstrike
  1031 | D:3      | Reached skill level 6 in Air Magic
  1034 | D:3      | Noticed an eye of draining
  1097 | D:2      | Noticed Jessica
  1109 | D:2      | Killed Jessica
  1109 | D:2      | Reached skill level 5 in Spellcasting
  1109 | D:2      | Reached XP level 5. HP: 35/35 MP: 2/12
  1123 | D:2      | Noticed Natasha
  1125 | D:2      | Killed Natasha
  1125 | D:2      | Reached skill level 6 in Conjurations
  1379 | D:2      | Noticed a dagger
  1380 | D:2      | Noticed a hand axe
  1381 | D:2      | Found a hide-covered altar of Uskayaw.
  1668 | D:3      | Noticed Grinder
  1702 | D:3      | Learned a level 5 spell: Lightning Bolt
  1721 | D:3      | Killed Grinder
  1721 | D:3      | Reached skill level 7 in Spellcasting
  1721 | D:3      | Reached XP level 6. HP: 23/41 MP: 1/16
  2066 | D:4      | Reached XP level 7. HP: 35/46 MP: 9/18
  2558 | D:4      | Found an ancient bone altar of Kikubaaqudgha.
  2606 | D:5      | Entered Level 5 of the Dungeon
  2606 | D:5      | Found a deep blue altar of Sif Muna.
  2669 | D:5      | Reached skill level 7 in Air Magic
  2671 | D:5      | Reached skill level 7 in Conjurations
  3032 | D:5      | Got a citrine-encrusted chain mail
  3127 | D:6      | Noticed PeterLawrence's ghost (novice TrFi)
  3577 | D:3      | Reached XP level 8. HP: 52/52 MP: 16/19
  3711 | D:3      | Found a runed door.
  3715 | D:3      | Noticed Crazy Yiuf
  3716 | D:3      | Killed Crazy Yiuf
  3847 | D:3      | Reached skill level 8 in Spellcasting
  3888 | D:3      | Found a bloodstained altar of Trog.
  3906 | D:3      | Reached skill level 8 in Conjurations
  3906 | D:3      | Reached skill level 8 in Air Magic
  4089 | D:6      | Reached skill level 1 in Fighting
  4142 | D:6      | Identified the +1 leather armour "Rouwkump" {+Fly rPois} (You found it on level 6 of the Dungeon)
  4169 | D:6      | Reached skill level 2 in Fighting
  4169 | D:6      | Reached skill level 4 in Dodging
  4266 | D:6      | Reached skill level 4 in Stealth
  4289 | D:6      | Reached skill level 3 in Fighting
  4392 | D:6      | Reached skill level 5 in Dodging
  4557 | D:6      | Found an iron altar of Okawaru.
  4566 | D:6      | Reached skill level 1 in Staves
  4643 | D:7      | Found a staircase to the Ecumenical Temple.
  4647 | D:7      | Reached skill level 2 in Staves
  4672 | Temple   | Entered the Ecumenical Temple
  4704 | Temple   | Became a worshipper of Cheibriados the Contemplative
  4722 | D:7      | Reached skill level 3 in Staves
  4782 | D:7      | Reached skill level 4 in Staves
  4788 | D:7      | Reached skill level 5 in Staves
  4788 | D:7      | Reached XP level 9. HP: 65/65 MP: 11/21
  4911 | D:7      | Found a shimmering altar of Xom.
  4913 | D:7      | Found a basalt altar of Yredelemnul.
  4913 | D:7      | Found a hazy altar of Hepliaklqana.
  4914 | D:7      | Found an ornate altar of the Wu Jian Council.
  4915 | D:7      | Found a white marble altar of Elyvilon.
  4916 | D:7      | Found an opulent altar of Gozag.
  4966 | D:7      | Reached skill level 6 in Staves
  4970 | D:7      | Reached skill level 4 in Fighting
  5054 | D:7      | Reached skill level 5 in Fighting
  5174 | D:7      | Reached skill level 6 in Dodging
  5504 | D:7      | Reached * piety under Cheibriados
  5615 | D:7      | Reached skill level 6 in Fighting
  5620 | D:7      | Reached skill level 7 in Staves
  5935 | D:8      | Reached skill level 1 in Invocations
  5988 | D:7      | Reached skill level 2 in Invocations
  6111 | D:8      | Found a sparkling altar of Nemelex Xobeh.
  6250 | D:8      | Reached skill level 3 in Invocations
  6464 | D:8      | Learned a level 3 spell: Regeneration
  6514 | D:8      | Reached skill level 4 in Invocations
  6532 | D:8      | Reached skill level 1 in Evocations
  6538 | D:8      | Noticed Gastronok
  6563 | D:8      | Killed Gastronok
  6563 | D:8      | Reached skill level 5 in Charms
  6563 | D:8      | Reached skill level 5 in Necromancy
  6563 | D:8      | Reached skill level 6 in Invocations
  6563 | D:8      | Reached skill level 5 in Evocations
  6563 | D:8      | Reached XP level 10. HP: 77/77 MP: 1/22
  6680 | D:8      | Reached skill level 5 in Stealth
  6774 | D:8      | Reached ** piety under Cheibriados
  6881 | D:8      | Noticed a two-headed ogre
  6891 | D:8      | Killed a two-headed ogre
  6891 | D:8      | Reached skill level 6 in Charms
  6891 | D:8      | Reached skill level 6 in Necromancy
  6891 | D:8      | Reached skill level 6 in Evocations
  7025 | D:8      | Reached skill level 6 in Stealth
  7124 | D:9      | Reached skill level 7 in Dodging
  7240 | D:9      | Reached skill level 7 in Invocations
  7389 | D:9      | Got a brightly glowing leather armour
  7482 | D:9      | Found Xeag's Assorted Antiques.
  7720 | D:9      | Reached *** piety under Cheibriados
  8045 | D:9      | Reached skill level 7 in Charms
  8107 | D:9      | Bought a scroll labeled ZOOXEOMACK for 27 gold pieces
  8107 | D:9      | Bought a leatherbound book for 405 gold pieces
  8224 | D:9      | Reached skill level 7 in Fighting
  8279 | D:9      | Reached XP level 11. HP: 84/84 MP: 19/23
  8303 | D:10     | Entered Level 10 of the Dungeon
  8305 | D:10     | Reached skill level 7 in Evocations
  8467 | D:9      | Identified the +3 chain mail of the Nine Stars {Int+5} (You found it on level 5 of the Dungeon)
  8477 | D:9      | Identified the +3 leather armour of Salvation {rElec Regen+ Str-5 Stlth+} (You found it on level 9 of the Dungeon)
  8527 | D:10     | Learned a level 6 spell: Freezing Cloud
  8529 | D:10     | Reached skill level 1 in Armour
  8534 | D:10     | Learned a level 3 spell: Mephitic Cloud
  8593 | D:10     | Reached skill level 1 in Ice Magic
  8593 | D:10     | Reached skill level 1 in Poison Magic
  8627 | D:10     | Reached **** piety under Cheibriados
  8627 | D:10     | Reached skill level 2 in Armour
  8898 | D:10     | Found a staircase to the Lair.
  8942 | D:10     | Reached skill level 2 in Ice Magic
  8942 | D:10     | Reached skill level 2 in Poison Magic
  9050 | D:10     | Reached skill level 3 in Ice Magic
  9092 | D:10     | Reached skill level 4 in Ice Magic
  9357 | D:9      | Bought a scroll of teleportation for 81 gold pieces
  9428 | Lair:1   | Entered Level 1 of the Lair of Beasts
  9482 | Lair:1   | Reached skill level 5 in Ice Magic
  9532 | Lair:1   | Reached skill level 6 in Ice Magic
  9546 | Lair:1   | Reached skill level 7 in Ice Magic
  9564 | Lair:1   | Reached skill level 8 in Ice Magic
 10019 | Lair:1   | Reached ***** piety under Cheibriados
 10447 | Lair:1   | Reached skill level 9 in Air Magic
 10738 | Lair:1   | Reached XP level 12. HP: 91/91 MP: 17/24
 10753 | Lair:1   | Reached skill level 9 in Spellcasting
 10841 | Lair:1   | Got a faintly glowing hand crossbow
 10855 | Lair:1   | Identified the cursed +1 hand crossbow "Hefeg" {velocity, Str+7} (You took it off a spriggan on level 1 of the Lair of Beasts)
 10942 | Lair:1   | Reached skill level 9 in Ice Magic
 11152 | Lair:2   | Reached skill level 3 in Armour
 11312 | Lair:2   | Reached skill level 9 in Conjurations
 11631 | Lair:2   | Found a hazy altar of Hepliaklqana.
 11670 | Lair:2   | You fall through a shaft for 2 floors!
 11730 | Lair:4   | Reached skill level 7 in Necromancy
 11874 | Lair:4   | Noticed a catoblepas
 11886 | Lair:4   | Killed a catoblepas
 11886 | Lair:4   | Reached ****** piety under Cheibriados
 11886 | Lair:4   | Reached skill level 7 in Stealth
 11886 | Lair:4   | Reached skill level 8 in Evocations
 12101 | Lair:3   | Reached skill level 8 in Invocations
 12187 | Lair:3   | Reached skill level 8 in Staves
 12371 | Lair:3   | Reached skill level 8 in Dodging
 12379 | Lair:3   | Reached skill level 8 in Fighting
 12576 | Lair:2   | Reached skill level 8 in Stealth
 12677 | Lair:2   | Reached XP level 13. HP: 98/98 MP: 16/26
 12680 | Lair:2   | Reached skill level 4 in Armour
 12845 | Lair:3   | Reached skill level 5 in Armour
 13004 | Lair:3   | Learned a level 3 spell: Ozocubu's Armour
 13502 | Lair:4   | Reached skill level 6 in Armour
 13716 | Lair:4   | Found a hole to the Spider Nest.
 13793 | Lair:4   | Found a staircase to the Shoals.
 13992 | Lair:4   | Identified Sif Muna's Incunabulum of Curses and Aid
 14557 | Lair:5   | Reached skill level 9 in Fighting
 14618 | Lair:5   | Reached skill level 9 in Invocations
 15096 | Lair:5   | Reached skill level 9 in Dodging
 15554 | D:11     | Noticed minicreteconcrete's ghost (journeyman GnTm)
 15559 | D:11     | Killed minicreteconcrete's ghost
 15559 | D:11     | Reached skill level 9 in Evocations
 15862 | D:11     | Found a staircase to the Orcish Mines.
 15888 | D:11     | Slain by a white ugly thing

Vault maps used:
D:1:      minmay_arrival_three_doors
D:2:      dancing_weapons_uskayaw, uniq_jessica, uniq_natasha
D:3:      trog_eyes_of_draining, first_bread, uniq_grinder,
          uniq_crazy_yiuf_cottage
D:4:      kennysheep_vampire_church
D:5:      basic_altar, patterned_corridor
D:6:      okawaru_altar_gauntlet_db
D:7:      wad_woods_tower, grunt_temple_overflow_open,
          minmay_temple_entry_butterflies, serial_bayou, serial_bayou_pond_b,
          serial_bayou_pond_e, serial_bayou_pond_c, serial_bayou_crossing,
          the_bakery, kennysheep_generic_room_10
D:8:      nemelex_xobeh_ov_fountains_minmay, kennysheep_generic_room_8,
          uniq_gastronok
D:9:      serial_shops, nicolae_shop_statue_plus
D:10:     david_lair_generic
D:11:     david_orc_2
Temple:   minmay_temple_bridge_abc
Lair:1:   wad_woods_minihive
Lair:2:   basic_altar, st_stairs_12, grunt_megastairs_2
Lair:3:   grunt_megastairs_1
Lair:4:   elwin_shoals_entry_rooms, spider_nest_entry_rubble, minivault_27,
          kennysheep_basilisk_garden, serial_bayou_shore_b
Lair:5:   roderic_batcave, st_stairs_3, grunt_forest_stairs_basic,
          minmay_lair_oklob_chamber

Skill      XL: |  1  2  3  4  5  6  7  8  9 10 11 12 13 |
---------------+----------------------------------------+-----
Conjurations   | 3 4 5 6 7 8 9 |  9.0
Air Magic      | 5 6 7 8 9 |  9.3
Spellcasting   | 4 5 7 8 9 |  9.3
Fighting       | 3 6 7 8 9 |  9.0
Dodging        | 5 6 7 8 9 |  9.0
Stealth        | 4 6 8 |  8.0
Staves         | 5 7 8 |  8.0
Invocations    | 6 7 8 9 |  9.0
Evocations     | 5 6 7 8 9 |  9.0
Charms         | 5 7 |  7.2
Necromancy     | 5 6 7 |  7.0
Armour         | 2 3 6 |  6.0
Ice Magic      | 8 9 |  9.0
Poison Magic   | 2 |  2.2

Action                   |  1- 3 |  4- 6 |  7- 9 | 10-12 | 13-15 || total
-------------------------+-------+-------+-------+-------+-------++-------
Melee: Spear             |       |     1 |       |       |       ||     1
       Dagger            |       |     1 |    30 |       |       ||    31
       Bite              |       |       |     7 |    17 |     7 ||    31
       Quarterstaff      |       |       |     8 |       |       ||     8
       Lajatang          |       |       |    24 |    85 |    40 ||   149
       Staff             |       |       |       |       |     1 ||     1
 Cast: Shock             |    37 |    65 |   218 |   152 |     4 ||   476
       Airstrike         |       |     3 |    33 |   167 |    81 ||   284
       Static Discharge  |       |     3 |     5 |    20 |       ||    28
       Lightning Bolt    |       |       |     4 |     9 |       ||    13
       Regeneration      |       |       |       |    20 |     8 ||    28
       Freezing Cloud    |       |       |       |    25 |    52 ||    77
       Mephitic Cloud    |       |       |       |     2 |     2 ||     4
       Ozocubu's Armour  |       |       |       |       |     1 ||     1
Invok: Slouch            |       |       |       |     1 |       ||     1
Evoke: Staff of energy   |       |       |       |   438 |   265 ||   703
       Wand              |       |       |       |     2 |       ||     2
  Use: Scroll            |       |     7 |    12 |    12 |     3 ||    34
       Potion            |       |       |       |     1 |       ||     1
 Stab: Sleeping          |       |     1 |       |       |     1 ||     2
       Distracted        |       |       |       |     1 |       ||     1
       Confused          |       |       |       |       |     2 ||     2
  Eat: Chunk             |       |     4 |    16 |    21 |    16 ||    57
       Royal jelly       |       |       |       |     4 |     1 ||     5
       Fruit             |       |       |       |     1 |     1 ||     2
       Bread ration      |       |       |       |     1 |       ||     1
Armor: Robe              |       |     1 |    16 |     5 |       ||    22
       Leather armour    |       |       |       |    41 |    12 ||    53
Dodge: Dodged            |     3 |     6 |    63 |   241 |    35 ||   348
       Deflected         |       |       |     3 |     2 |       ||     5

Table legend:
 A = Turns spent in this place as a percentage of turns spent in the entire game.
 B = Non-inter-level travel turns spent in this place as a percentage of non-inter-level travel turns spent in the entire game.
 C = Inter-level travel turns spent in this place as a percentage of turns spent in this place.
 D = Turns resting spent in this place as a percentage of non-inter-level travel turns spent in this place.
 E = Turns spent auto-exploring this place as a percentage of non-inter-level travel turns spent in this place.
 F = Non-inter-level travel turns spent in this place divided by the number of levels of this place that you've seen.
                   A       B       C       D       E      F
               +-------+-------+-------+-------+-------+----------------------
         Total | 100.0 | 100.0 |   0.8 |   1.0 |   0.4 | 653.8
       Dungeon |  56.4 |  56.4 |   0.8 |   1.5 |   0.4 | 570.2
        Temple |   0.3 |   0.3 |   5.6 |   5.9 |   0.0 |  34.0
          Lair |  43.2 |  43.3 |   0.8 |   0.2 |   0.3 | 961.8
               +-------+-------+-------+-------+-------+----------------------

Table legend:
 A = Kills in this place as a percentage of kills in entire the game.
 B = Kills by you in this place as a percentage of kills by you in the entire game.
 C = Kills by friends in this place as a percentage of kills by friends in the entire game.
 D = Other kills in this place as a percentage of other kills in the entire game.
 E = Experience gained in this place as a percentage of experience gained in the entire game.
 F = Experience gained in this place divided by the number of levels of this place that you have seen.
                   A       B       C       D       E      F
               +-------+-------+-------+-------+-------+----------------------
         Total | 100.0 | 100.0 |  -nan |  -nan | 100.0 | 3113.6
       Dungeon |  58.3 |  58.3 |  -nan |  -nan |  29.2 | 1403.5
          Lair |  41.7 |  41.7 |  -nan |  -nan |  70.8 | 7498.8
               +-------+-------+-------+-------+-------+----------------------

Vault maps used:
D:1:      minmay_arrival_three_doors
D:2:      dancing_weapons_uskayaw, uniq_jessica, uniq_natasha
D:3:      trog_eyes_of_draining, first_bread, uniq_grinder,
          uniq_crazy_yiuf_cottage
D:4:      kennysheep_vampire_church
D:5:      basic_altar, patterned_corridor
D:6:      okawaru_altar_gauntlet_db
D:7:      wad_woods_tower, grunt_temple_overflow_open,
          minmay_temple_entry_butterflies, serial_bayou, serial_bayou_pond_b,
          serial_bayou_pond_e, serial_bayou_pond_c, serial_bayou_crossing,
          the_bakery, kennysheep_generic_room_10
D:8:      nemelex_xobeh_ov_fountains_minmay, kennysheep_generic_room_8,
          uniq_gastronok
D:9:      serial_shops, nicolae_shop_statue_plus
D:10:     david_lair_generic
D:11:     david_orc_2
Temple:   minmay_temple_bridge_abc
Lair:1:   wad_woods_minihive
Lair:2:   basic_altar, st_stairs_12, grunt_megastairs_2
Lair:3:   grunt_megastairs_1
Lair:4:   elwin_shoals_entry_rooms, spider_nest_entry_rubble, minivault_27,
          kennysheep_basilisk_garden, serial_bayou_shore_b
Lair:5:   roderic_batcave, st_stairs_3, grunt_forest_stairs_basic,
          minmay_lair_oklob_chamber
